 Dungeon Sprint DCSS version 0.32-a0-473-gd044c6f0f0 (webtiles) character file.

Game seed: 7936659860394428268

347 rocky1 the Cleaver (level 6, 0/54 (63) HPs)
             Began as a Mountain Dwarf Cinder Acolyte on Feb 26, 2024.
             Was an Initiate of Gozag.
             Slain by a wight
             ... wielding a +0 trident
              (11 damage)
             ... in the Dungeon (Sprint III: "The Ten Rune Challenge").
             The game lasted 00:02:32 (374 turns).

rocky1 the Cleaver (Mountain Dwarf Cinder Acolyte)   Turns: 374, Time: 00:02:33

HP:   0/54 (63)     AC:  2    Str: 18    XL:     6   Next: 33%
MP:   7/7           EV: 11    Int: 15    God:    Gozag
Gold: 10            SH:  0    Dex:  5    Spells: 5/7 levels left

rFire   . . .        a - -1 hand axe (flame)
rCold   . . .        (no shield)
rNeg    . . .        b - +0 robe
rPois   .            (no helmet)
rElec   .            (no cloak)
rCorr   .            (no gloves)
SInv    .            (no boots)
Will    .....        (no amulet)
Stlth   +            (no ring)
HPRegen 0.29/turn    (no ring)
MPRegen 0.10/turn

%: no teleportation
@: heavily drained, fire susceptible
A: runic magic, artefact enchanting
a: Renounce Religion, Potion Petition, Call Merchant, Bribe Branch


You were in the Dungeon.
You worshipped Gozag.
Gozag was noncommittal.
You visited 1 branch You collected 10 gold pieces.

Inventory:

Hand Weapons
 a - a -1 hand axe of flaming (weapon)
Armour
 b - a +0 robe (worn)
Scrolls
 h - a scroll of blinking
 j - 2 scrolls of torment {unknown}
 k - a scroll of identify {unknown}
 l - a scroll of immolation {unknown}
Potions
 c - 2 potions of curing
 e - 2 potions of haste
 f - 2 potions of magic
 i - 4 potions of mutation {unknown}
 m - 2 potions of enlightenment
Miscellaneous
 g - a phantom mirror


   Skills:
 + Level 9.3 Fighting
 + Level 10.1 Axes
 * Level 1.0 Spellcasting
 + Level 9.9 Fire Magic


You had 5 spell levels left.
You knew the following spells:

 Your Spells              Type           Power      Damage    Failure   Level
a - Scorch                Fire           60%        2d7       1%          2

Your spell library contained the following spells:

 Spells                   Type           Power      Damage    Failure   Level


Dungeon Overview and Level Annotations

Branches:
Dungeon (1/1)

Altars:
Cheibriados
Dithmenos
Fedhas
Gozag
Hepliaklqana
Makhleb
Nemelex Xobeh
Qazlal
Ru
Xom
Yredelemnul
Jiyva
Lugonu


Innate Abilities, Weirdness & Mutations

Your spellcasting is much less encumbered by armour.
You can use scrolls of enchantment on lesser artefacts.


Message History

The wight barely misses you.
The weeping skull unleashes gushing sobs.
The wave of grief passes through you.
You completely miss the weeping skull.
The weeping skull is moderately damaged.
You hit the weeping skull. You burn the weeping skull.
The weeping skull is moderately damaged.
The wight hits you from afar with a +0 trident.
The weeping skull closely misses you.
You hit the weeping skull. You burn the weeping skull.
The weeping skull is heavily damaged.
The wight hits you from afar with a +0 trident!
You feel drained. The weeping skull barely misses you.
You hit the weeping skull. You burn the weeping skull.
The weeping skull is severely damaged.
The weeping skull touches you.
The wight hits you from afar with a +0 trident!
You hit the weeping skull but do no damage.
The weeping skull is severely damaged.
You hit the weeping skull but do no damage.
The weeping skull is severely damaged.
The wight hits you from afar with a +0 trident!
* * * LOW HITPOINT WARNING * * *
You feel drained.
* * * LOW HITPOINT WARNING * * *
The weeping skull touches you.
* * * LOW HITPOINT WARNING * * *
You feel drained.
You feel much better.
The wight hits you from afar with a +0 trident!
You feel drained. The weeping skull touches you.
* * * LOW HITPOINT WARNING * * *
You feel drained.
* * * LOW HITPOINT WARNING * * *
Unknown command.
You hit the weeping skull. You burn the weeping skull.
The weeping skull is almost destroyed.
The wight hits you from afar with a +0 trident!
You die...
Your body crumbles into a pile of gold.

▓▓▓ # ##.# ####
#####..# #○°#
.#..#..# #°z
.#..#..###+#+###z##
.##'#..#......°.@°#
.###...'.⌠....°..°#
####...#...######'#
###....#.⌠.#v_#...#
##.....#...#__#...#
#......#+###__#...#
.#.....# #__#...+
###....# #__+...#
▓▓▓▓▓▓ ▓▓▓▓▓▓▓▓


You could see a weeping skull and a wight.

Vanquished Creatures
  A shadow (D)
  A scorpion (D)
  A water elemental (D)
  A jelly (D)
  Jessica (D)
  A human (D)
  An endoplasm (D)
  2 rats (D)
9 creatures vanquished.

Vanquished Creatures (others)
  46 foxfires (D)
46 creatures vanquished.

Grand Total: 55 creatures vanquished

Notes
Turn   | Place    | Note
-------+----------+-------------------------------------------
     0 | D        | rocky1 the Mountain Dwarf Cinder Acolyte began the quest
                  | for the Orb.
     0 | D        | Reached XP level 1. HP: 19/19 MP: 2/2
    15 | D        | Reached skill level 4 in Axes
    31 | D        | Noticed Jessica
    36 | D        | Killed Jessica
    37 | D        | Reached skill level 5 in Fighting
    37 | D        | Reached skill level 5 in Axes
    37 | D        | Reached skill level 5 in Fire Magic
    37 | D        | Reached XP level 2. HP: 29/29 MP: 3/3
    52 | D        | Reached XP level 3. HP: 36/36 MP: 4/4
    57 | D        | Noticed a scorpion
    62 | D        | Killed a scorpion
    63 | D        | Reached skill level 7 in Axes
    63 | D        | Reached XP level 4. HP: 36/45 MP: 5/5
    95 | D        | Noticed a water elemental
   100 | D        | Killed a water elemental
   101 | D        | Reached skill level 8 in Axes
   101 | D        | Reached XP level 5. HP: 52/52 MP: 6/6
   164 | D        | Noticed a shadow
   169 | D        | Killed a shadow
   170 | D        | Reached skill level 10 in Axes
   170 | D        | Reached XP level 6. HP: 46/63 MP: 7/7
   178 | D        | Found a blossoming altar of Fedhas.
   178 | D        | Found a stormy altar of Qazlal.
   178 | D        | Found a snail-covered altar of Cheibriados.
   178 | D        | Found a burning altar of Makhleb.
   178 | D        | Found a shimmering altar of Xom.
   179 | D        | Found a hazy altar of Hepliaklqana.
   179 | D        | Found an opulent altar of Gozag.
   179 | D        | Found a sparkling altar of Nemelex Xobeh.
   179 | D        | Found a corrupted altar of Lugonu.
   179 | D        | Found a viscous altar of Jiyva.
   179 | D        | Noticed a spatial vortex
   183 | D        | Fell from the grace of Ignis
   183 | D        | Became a worshipper of Gozag Ym Sagoz the Greedy
   355 | D        | Learned a level 2 spell: Scorch
   365 | D        | Found a basalt altar of Yredelemnul.
   365 | D        | Found a shadowy altar of Dithmenos.
   365 | D        | Found a sacrificial altar of Ru.
   374 | D        | Slain by a wight

Illustrated notes

Levels and vault maps discovered:
D:        dungeon_sprint_mu [sprint_mu_entry_cave, sprint_mu_temple_rooms,
          sprint_mu_d1_horrors, sprint_mu_d2_genie, sprint_mu_d3_branching,
          sprint_mu_orc_legion, sprint_mu_elf_gauntlet, sprint_mu_hive_nellie,
          sprint_mu_lair_fedhas, sprint_mu_vaults_butterflies,
          sprint_mu_slime_circle, sprint_mu_swamp_cave, sprint_mu_snake_twists,
          sprint_mu_blade_basic, sprint_mu_crypt_chambers,
          sprint_mu_tomb_spiral, sprint_mu_vestibule_basic,
          sprint_mu_gehenna_hellfire, sprint_mu_dis_giant,
          sprint_mu_tartarus_statrot, sprint_mu_cocytus_islands, sprint_mu_zot1]

Skill      XL: |  1  2  3  4  5 |
---------------+----------------+-----
Axes           | 5 7 8 10 | 10.1
Fire Magic     | 5 7 8 9 |  9.9
Fighting       | 5 6 7 9 |  9.3
Spellcasting   | |  1.0

Action                     |  1- 3 |  4- 6 || total
---------------------------+-------+-------++-------
  Melee: Hand axe          |     8 |    21 ||    29
 Invoke: Foxfire Swarm     |     3 |     2 ||     5
         Fiery Armour      |     1 |     1 ||     2
    Use: Scroll            |     1 |       ||     1
         Potion            |       |     2 ||     2
 Armour: Robe              |     5 |    14 ||    19
  Dodge: Dodged            |     5 |     4 ||     9

Table legend: (Time is in decaauts)
 A = Elapsed time spent in this place.
 B = Non-inter-level travel time spent in this place.
 C = Inter-level travel time spent in this place.
 D = Time resting spent in this place.
 E = Time spent auto-exploring this place.
 F = Levels seen in this place.
 G = Mean time per level.
                   A        B        C        D        E       F      G
               +--------+--------+--------+--------+--------+-----+--------+
         Total |    382 |    382 |      0 |    221 |      0 |   1 |  382.0 |
       Dungeon |    382 |    382 |      0 |    221 |      0 |   1 |  382.0 |
               +--------+--------+--------+--------+--------+-----+--------+

Top non-repeatable levels by time:
       D: 382 daAuts
